 Dungeon Crawl Stone Soup version 0.22.1-1-ga44c0e5 (webtiles) character file.

178947 brandon the Severer (level 17, -7/161 HPs)
             Began as a Minotaur Berserker on Oct 3, 2018.
             Was a High Priest of Trog.
             Killed from afar by Ilsuiw (35 damage)
             ... with a shard of ice
             ... on level 2 of the Shoals.
             The game lasted 01:55:50 (41583 turns).

brandon the Severer (Minotaur Berserker)           Turns: 41583, Time: 01:55:51

Health: -7/161     AC: 32    Str: 22    XL:     17   Next: 28%
Magic:  16/16      EV: 11    Int:  8    God:    Trog [*****.]
Gold:   1921       SH:  2    Dex: 15    Spells: 16/16 levels left

rFire    + . .     SeeInvis +   M - +11 glaive "Killer Klown's Doom" {chop, rC+}
rCold    + + .     Gourm    .   (shield currently unavailable)
rNeg     . . .     Faith    .   q - +2 crystal plate armour
rPois    .         Spirit   .   (helmet restricted)
rElec    +         Reflect  +   (no cloak)
rCorr    .         Harm     .   a - +0 pair of gloves of the Armoured One {rF+ Int+4}
MR       +....                  O - +2 pair of boots {Fly}
Stlth    ..........             l - +2 amulet of reflection
HPRegen  0.36/turn              J - ring of see invisible
MPRegen  0.15/turn              k - ring of protection from cold

@: flying, mesmerised, studying Stealth
A: retaliatory headbutt, horns 2, electricity resistance, weak 1
}: 1/15 runes: gossamer
a: Berserk, Trog's Hand, Brothers in Arms, Renounce Religion, Stop Flying


You were on level 2 of the Shoals.
You worshipped Trog.
Trog was extremely pleased with you.
You were full.

You visited 5 branches of the dungeon, and saw 25 of its levels.
You also visited: Labyrinth and Volcano.

You collected 2107 gold pieces.
You spent 186 gold pieces at shops.

Inventory:

Hand Weapons
 K - a +6 antimagic executioner's axe
 M - the +11 glaive "Killer Klown's Doom" (weapon) {chop, rC+}
   (You found it on level 3 of the Spider Nest)

   It inflicts extra damage upon your enemies.
   It protects you from cold.
 S - a +2 halberd of flaming
Missiles
 U - 16 silver javelins (quivered)
Armour
 a - the +0 pair of gloves of the Armoured One (worn) {rF+ Int+4}
   (You acquired it on level 9 of the Dungeon)

   It affects your intelligence (+4).
   It protects you from fire.
 q - a +2 crystal plate armour (worn)
 O - a +2 pair of boots of flying (worn)
Jewellery
 f - the amulet of Koeskar {Gourm rF++ Int-2 Dex+8 Stlth+}
   (You acquired it on level 6 of the Lair of Beasts)

   [amulet of the gourmand]

   It allows you to eat raw meat even when not hungry.
   It affects your intelligence (-2).
   It affects your dexterity (+8).
   It greatly protects you from fire.
   It makes you more stealthy.
 k - a ring of protection from cold (right hand)
 l - a +2 amulet of reflection (around neck)
 J - a ring of see invisible (left hand)
 V - an uncursed ring of poison resistance
 Y - a +3 ring of dexterity
Wands
 h - a wand of enslavement (12)
 z - a wand of digging (30)
 A - a wand of flame (118)
 D - a wand of random effects (35)
 F - a wand of paralysis (5)
 G - a wand of disintegration (18)
Scrolls
 d - 14 scrolls of remove curse
 e - a scroll of enchant weapon
 g - a scroll of blinking
 n - 10 scrolls of teleportation
 r - 6 scrolls of immolation
 s - 5 scrolls of enchant armour
 v - 6 scrolls of magic mapping
 y - 7 scrolls of fear
 C - 4 scrolls of fog
 N - 2 scrolls of identify
Potions
 b - 6 potions of agility
 i - 3 potions of haste
 j - a potion of cancellation
 m - 2 potions of invisibility
 o - 11 potions of curing
 p - 2 potions of heal wounds
 t - 2 potions of might
 u - a potion of resistance
 B - 3 potions of berserk rage
 H - 2 potions of mutation
 I - 7 potions of ambrosia
Books
 W - a manual of Stealth
Miscellaneous
 x - a phantom mirror
 E - a fan of gales
 P - a phial of floods
Comestibles
 c - 21 rations
 w - a chunk of flesh


   Skills:
 + Level 17.2 Fighting
 - Level 20.9(21.7) Axes
 * Level 11.0(17.2) Polearms
 + Level 17.0 Armour
 + Level 12.8 Dodging


You had 16 spell levels left.
You didn't know any spells.
Your spell library contained the following spells:

 Spells                   Type           Power        Failure   Level  Hunger
 Animate Skeleton         Necr           N/A          100%        1    ##.....
 Apportation              Tloc           #.....       100%        1    ##.....
 Confusing Touch          Hex            #.....       100%        1    ##.....
 Flame Tongue             Conj/Fire      #....        100%        1    ##.....
 Summon Small Mammal      Summ           #...         100%        1    ##.....
 Call Imp                 Summ           #.......     100%        2    ###....
 Throw Flame              Conj/Fire      #.....       100%        2    ###....
 Call Canine Familiar     Summ           #.......     100%        3    ####...
 Conjure Flame            Conj/Fire      #.......     100%        3    ####...
 Inner Flame              Hex/Fire       #.......     100%        3    ####...
 Summon Guardian Golem    Hex/Summ       #.......     100%        3    ####...
 Sticky Flame             Conj/Fire      #.......     100%        4    #####..
 Summon Ice Beast         Ice/Summ       #.......     100%        4    #####..
 Summon Lightning Spire   Summ/Air       #.......     100%        4    #####..
 Fireball                 Conj/Fire      #.........   100%        5    ######.
 Irradiate                Conj/Tmut      #.........   100%        5    ######.
 Hydra Form               Tmut           #.........   100%        6    #######
 Statue Form              Tmut/Erth      #........    100%        6    #######
 Dragon Form              Tmut           #.........   100%        7    #######


Dungeon Overview and Level Annotations

Branches:
Dungeon (10/15)            Temple (0/1) D:6            Lair (6/6) D:9
 Shoals (3/4) Lair:3       Spider (4/4) Lair:3        Slime (0/5) Lair:5
    Orc (2/2) D:9             Elf (0/3) Orc:2

Altars:
Elyvilon
Sif Muna
Trog
Vehumet
Beogh

Shops:
Orc:2 [*(:   Shoals:1 (

Annotations:
Lair:2 3 runed doors, strongu's ghost, journeyman OpCK
Lair:4 3 runed doors, Wabbos's ghost, journeyman MiFi
Lair:6 2 runed doors, exclusion: oklob plant, Zebedee's ghost, journeyman TrMo
Shoals:2 Ilsuiw; Polyphemus
Spider:3 exclusion: Roxanne, Roxanne


Innate Abilities, Weirdness & Mutations

You reflexively headbutt those who attack you in melee.
You have a pair of horns on your head.
You are resistant to electric shocks. (rElec)
You are weak. (Str -2)


Message History

Your headbutt misses the water elemental.
The water elemental is severely damaged.
You gasp with relief as air once again reaches your lungs.
The water elemental hits you.
The water elemental engulfs you in water!
The merfolk impaler hits you from afar with a trident of pain!
* * * LOW HITPOINT WARNING * * *
You writhe in agony.
* * * LOW HITPOINT WARNING * * *
You block the merfolk javelineer's attack.
The water elemental hits you.
Attack whom?
Press: ? - help, Dir - move target cursor, f/p - water elemental
Aim: a water elemental (severely damaged, summoned)
You open the water elemental like a pillowcase!!!
You destroy the water elemental!
You gasp with relief as air once again reaches your lungs.
Ilsuiw points at you and mumbles some strange words.
The shard of ice hits you! You partially resist.
You die...

≈≈,,,,,,,,,,≈≈≈≈,,,≈,,..≈≈≈≈..≈≈≈
≈≈,,,≈P..,,,,≈≈≈,,,,,,,≈≈≈≈≈....≈
≈≈≈,,....,,#####,,,#####.≈≈≈.>...
≈≈≈,,.....,#...##≈##...#..≈≈.....
≈≈≈,≈....P,#..≈≈###≈≈).#..≈≈.....
≈≈≈≈≈P$..P.#.≈≈≈§≈≈≈≈≈.#..(......
≈≈≈≈≈≈≈.PP.##≈≈§≈§≈≈≈≈##.........
≈≈≈≈≈P≈..P..##m≈≈≈≈≈≈##..........
≈≈≈≈≈P≈Pm...mEm≈@<≈≈≈'...........
≈≈≈≈≈≈P.....##mE≈≈≈≈≈##).........
≈≈≈≈≈≈≈....##≈≈≈≈≈≈≈≈≈##.......##
≈≈≈≈≈≈≈....#.≈≈≈≈≈≈≈≈≈)#.......#
≈≈≈≈≈≈≈≈..,#.!≈≈###≈≈..#.......#
≈≈≈≈≈≈≈≈≈.,#...##≈##...#.......##
≈≈≈≈≈≈≈≈≈≈≈#####≈≈≈#####........#
≈≈≈≈≈≈≈≈≈≈≈,≈≈≈≈≈≈≈.............#
≈≈≈≈≈≈≈≈≈≈≈≈≈≈≈≈≈≈≈.......<..#..<


You could see Ilsuiw, a merfolk impaler, a merfolk javelineer, 2 water
elementals and a merfolk siren.

Vanquished Creatures
  Arachne (Spider:2)
  Agnes (Spider:1)
  An orc warlord (Orc:2)
  4 emperor scorpions
  5 ghost moths
  5 entropy weavers
  A minotaur (Lab)
  A red draconian (Volcano)
  3 spark wasps
  2 merfolk impalers (Shoals:1)
  A centaur warrior (Volcano)
  3 merfolk avatars
  2 catoblepae (Shoals:1)
  A queen ant (Spider:3)
  3 two-headed ogres
  A merfolk aquamancer (Shoals:2)
  2 death yaks (Lair:6)
  3 orc high priests (Orc:2)
  A fire crab (Lair:6)
  4 sea snakes
  3 lindwurms
  Pikel (D:9)
  7 manticores
  8 harpies (Shoals:1)
  6 orc knights (Orc:2)
  29 wolf spiders
  22 orb spiders
  3 fauns (Shoals:1)
  7 orc sorcerers
  A guardian serpent (Lair:6)
  2 moths of wrath
  7 black mambas
  2 merfolk sirens (Shoals:1)
  18 elephants
  22 spiny frogs
  9 torpor snails
  2 minotaur zombies (Lab)
  A yaktaur (Volcano)
  13 demonic crawlers
  A rime drake (Lair:6)
  5 komodo dragons
  2 trolls
  8 merfolk
  7 polar bears (Lair:4)
  39 jumping spiders
  3 wind drakes (Shoals:1)
  16 hornets
  3 tyrant leeches (Lair:6)
  12 blink frogs
  6 snapping turtles
  5 dream sheep (Lair:6)
  9 hippogriffs
  2 shadows (Lab)
  39 tarantellas
  A vampire (D:9)
  73 redbacks
  3 water elementals (Shoals:1)
  15 wyverns
  18 yaks
  A basilisk (Lair:6)
  A steam dragon (D:9)
  A hungry ghost (D:9)
  2 wargs (Orc:2)
  Menkaure (D:4)
  22 soldier ants
  Duvessa (D:7)
  4 porcupines
  19 water moccasins
  2 ice beasts
  4 slaves (D:9)
  30 orc warriors
  4 sky beasts
  5 black bears
  6 ogres
  2 phantoms (D:9)
  41 wolves (Lair:3)
  10 centaurs
  8 crocodiles
  4 big kobolds
  15 bullfrogs
  Dowan (D:7)
  8 scorpions
  A water moccasin skeleton (D:9)
  2 troll zombies (D:9)
  A howler monkey (D:6)
  7 wights
  3 electric eels
  5 crimson imps
  2 centaur zombies
  3 bullfrog skeletons
  13 jellies
  A bullfrog zombie (D:8)
  28 orc priests
  2 hounds
  2 centaur skeletons
  4 iguanas
  Natasha (twice) (D:3)
  15 orc wizards
  7 hell rats (Lair:5)
  26 worker ants
  6 ogre zombies (D:9)
  A hound skeleton (D:9)
  3 worker ant zombies
  21 gnolls
  A howler monkey skeleton (D:6)
  13 adders
  4 shadow imps
  3 oozes
  2 adder skeletons (D:5)
  An adder zombie (D:5)
  6 worms
  A dart slug (D:1)
  5 leopard geckos
  76 orcs
  4 giant cockroaches
  5 goblins
  10 hobgoblins
  3 jackals (D:7)
  24 kobolds
  8 quokkas
  7 bats
  4 frilled lizards
  2 goblin skeletons (D:9)
  4 goblin zombies (D:9)
  6 hobgoblin skeletons (D:9)
  A hobgoblin zombie (D:9)
  2 jackal skeletons
  An orc skeleton (D:9)
  10 orc zombies (D:9)
  7 rats
  7 fungi
  10 plants
1049 creatures vanquished.

Vanquished Creatures (collateral kills)
  5 hydras
  A wolf spider (Lair:6)
  A spiny frog (Lair:3)
  A blink frog (Lair:6)
  A porcupine (Lair:3)
  A bullfrog (Lair:2)
10 creatures vanquished.

Vanquished Creatures (others)
  A wolf spider (Spider:3)
  3 tarantellas
  16 fungi
  58 plants
  14 tentacles (Shoals:2)
92 creatures vanquished.

Grand Total: 1151 creatures vanquished

Notes
Turn   | Place    | Note
-------+----------+-------------------------------------------
     0 | D:1      | brandon the Minotaur Berserker began the quest for the Orb.
     0 | D:1      | Reached XP level 1. HP: 19/19 MP: 0/0
   240 | D:1      | Reached XP level 2. HP: 27/27 MP: 1/1
   255 | D:1      | Reached skill level 4 in Axes
   573 | D:1      | Reached XP level 3. HP: 28/33 MP: 2/2
  1042 | D:2      | Reached ** piety under Trog
  1320 | D:2      | Noticed a sky beast
  1325 | D:2      | Killed a sky beast
  1325 | D:2      | Reached skill level 5 in Axes
  1325 | D:2      | Reached XP level 4. HP: 41/41 MP: 3/3
  1325 | D:2      | Reached XP level 5. HP: 47/47 MP: 4/4
  2161 | D:3      | Reached skill level 5 in Fighting
  2358 | D:3      | Noticed Natasha
  2363 | D:3      | Killed Natasha
  2363 | D:3      | Reached *** piety under Trog
  2363 | D:3      | Reached skill level 6 in Axes
  2363 | D:3      | Reached XP level 6. HP: 54/56 MP: 5/5
  2709 | D:3      | Noticed Natasha
  2713 | D:3      | Killed Natasha
  3073 | D:4      | Noticed Menkaure
  3079 | D:4      | Killed Menkaure
  3244 | D:4      | Reached skill level 7 in Axes
  3244 | D:4      | Reached XP level 7. HP: 62/62 MP: 6/6
  3785 | D:4      | Reached skill level 5 in Armour
  4073 | D:5      | Entered Level 5 of the Dungeon
  4214 | D:5      | Reached skill level 8 in Axes
  4684 | D:5      | Found a radiant altar of Vehumet.
  4807 | D:5      | Reached XP level 8. HP: 43/71 MP: 7/7
  5277 | D:5      | Reached **** piety under Trog
  5542 | D:6      | Reached skill level 9 in Axes
  5632 | D:6      | Found a staircase to the Ecumenical Temple.
  6088 | D:6      | Reached skill level 10 in Axes
  6629 | D:7      | Noticed Duvessa
  6630 | D:7      | Noticed Dowan
  6643 | D:7      | Killed Duvessa
  6643 | D:7      | Reached XP level 9. HP: 81/81 MP: 8/8
  6806 | D:7      | Reached ***** piety under Trog
  6824 | D:7      | Killed Dowan
  6968 | D:7      | Reached skill level 11 in Axes
  7604 | D:7      | Identified 2 scrolls of acquirement
  7802 | D:8      | Received a gift from Trog
  7893 | D:8      | Noticed a two-headed ogre
  7898 | D:8      | Killed a two-headed ogre
  7898 | D:8      | Reached skill level 12 in Axes
  7898 | D:8      | Reached XP level 10. HP: 91/91 MP: 9/9
  8319 | D:8      | Found a bloodstained altar of Trog.
  9135 | D:9      | Reached skill level 13 in Axes
  9544 | D:9      | Reached skill level 10 in Fighting
  9818 | D:9      | Noticed Pikel
  9833 | D:9      | Killed Pikel
 10089 | D:9      | Found a staircase to the Orcish Mines.
 10261 | D:9      | Found a staircase to the Lair.
 10403 | D:9      | Found a deep blue altar of Sif Muna.
 10447 | D:9      | Found a white marble altar of Elyvilon.
 10502 | D:9      | Reached skill level 10 in Armour
 10837 | D:10     | Entered Level 10 of the Dungeon
 10987 | D:10     | Noticed a two-headed ogre
 11000 | D:10     | Killed a two-headed ogre
 11000 | D:10     | Reached skill level 14 in Axes
 11242 | D:10     | Reached XP level 11. HP: 71/101 MP: 10/10
 11709 | Lair:1   | Entered Level 1 of the Lair of Beasts
 11784 | D:9      | Got a pair of distressingly furry gloves
 11790 | D:9      | Identified the +0 pair of gloves of the Armoured One {rF+
                  | Int+4} (You acquired it on level 9 of the Dungeon)
 11790 | D:9      | Gained mutation: Scrolls take you a little longer to read.
                  | [potion of mutation]
 11790 | D:9      | Gained mutation: You are robust. (+10% HP) [potion of
                  | mutation]
 11791 | D:9      | Lost mutation: You are robust. (+10% HP) [potion of
                  | mutation]
 11791 | D:9      | Lost mutation: Scrolls take you a little longer to read.
                  | [potion of mutation]
 11791 | D:9      | Gained mutation: You are weak. (Str -2) [potion of
                  | mutation]
 11791 | D:9      | Gained mutation: You are resistant to electric shocks.
                  | (rElec) [potion of mutation]
 12219 | Lair:1   | Reached ****** piety under Trog
 12548 | Lair:1   | Noticed a four-headed hydra
 12560 | Lair:1   | Killed a six-headed hydra
 13620 | Lair:2   | Reached skill level 15 in Axes
 13845 | Lair:2   | Found a runed gate.
 13845 | Lair:2   | Found a runed gate.
 13845 | Lair:2   | Found a runed gate.
 13873 | Lair:2   | Noticed strongu's ghost (journeyman OpCK)
 13998 | Lair:2   | Noticed a four-headed hydra
 14027 | Lair:2   | Killed a four-headed hydra
 15168 | Lair:3   | Reached XP level 12. HP: 109/112 MP: 11/11
 15225 | Lair:3   | Reached skill level 16 in Axes
 15305 | Lair:3   | Noticed a six-headed hydra
 15312 | Lair:3   | Killed a six-headed hydra
 15629 | Lair:3   | Found a staircase to the Shoals.
 15820 | Lair:3   | Noticed an eight-headed hydra
 15833 | Lair:3   | Killed an eight-headed hydra
 16033 | Lair:3   | Found a hole to the Spider Nest.
 16270 | Lair:4   | Received a gift from Trog
 16397 | Lair:4   | Reached skill level 5 in Dodging
 16833 | Lair:4   | Reached skill level 17 in Axes
 17104 | Lair:4   | Reached XP level 13. HP: 122/122 MP: 4/12
 17857 | Lair:4   | Found a runed gate.
 17858 | Lair:4   | Found a runed gate.
 17860 | Lair:4   | Found a runed gate.
 17861 | Lair:4   | Noticed Wabbos's ghost (journeyman MiFi)
 18067 | Lair:5   | Found a labyrinth entrance.
 18076 | Lab      | Entered a labyrinth
 18999 | Lab      | Noticed a minotaur
 19008 | Lab      | Killed a minotaur
 19398 | Lair:5   | Found a staircase to the Slime Pits.
 20051 | Lair:6   | Entered Level 6 of the Lair of Beasts
 20135 | Lair:6   | Reached skill level 18 in Axes
 21149 | Lair:5   | Received a gift from Trog
 21477 | Lair:6   | Reached XP level 14. HP: 75/132 MP: 4/13
 21892 | Lair:6   | Found a runed door.
 21894 | Lair:6   | Noticed Zebedee's ghost (journeyman TrMo)
 22930 | Lair:6   | Reached skill level 19 in Axes
 23050 | Lair:6   | Found a runed door.
 23088 | Lair:6   | Paralysed by a hornet for 2 turns
 23539 | Lair:6   | Got a shimmering lead amulet
 23541 | Lair:6   | Identified the amulet of Koeskar {Gourm rF++ Int-2 Dex+8
                  | Stlth+} (You acquired it on level 6 of the Lair of Beasts)
 23651 | Spider:1 | Entered Level 1 of the Spider Nest
 25023 | Spider:1 | You are sucked into a shaft!
 26304 | Spider:2 | Noticed an entropy weaver
 26307 | Spider:1 | Received a gift from Trog
 26322 | Spider:1 | Killed an entropy weaver
 26373 | Spider:2 | Reached skill level 15 in Fighting
 26683 | Spider:2 | Noticed Agnes
 26705 | Spider:1 | Killed Agnes
 26705 | Spider:1 | Reached skill level 20 in Axes
 26705 | Spider:1 | Reached XP level 15. HP: 69/141 MP: 4/14
 27148 | Spider:2 | Reached skill level 10 in Dodging
 27478 | Spider:2 | Noticed Arachne
 27908 | Spider:2 | Reached skill level 15 in Armour
 28652 | Spider:2 | Killed Arachne
 28816 | Spider:3 | Noticed Roxanne
 29658 | Spider:2 | Received a gift from Trog
 30494 | Spider:3 | Killed a ghost moth
 31400 | Spider:3 | Got a polished glaive
 31620 | Spider:2 | Identified the +11 glaive "Killer Klown's Doom" {chop, rC+}
                  | (You found it on level 3 of the Spider Nest)
 31755 | Spider:3 | Reached skill level 1 in Polearms
 32366 | Spider:4 | Entered Level 4 of the Spider Nest
 32432 | Spider:4 | Received a gift from Trog
 33421 | Spider:4 | Reached XP level 16. HP: 129/151 MP: 15/15
 33908 | Spider:4 | Reached skill level 5 in Polearms
 34782 | Spider:4 | Received a gift from Trog
 35439 | Spider:4 | Got a gossamer rune of Zot
 36231 | Orc:1    | Entered Level 1 of the Orcish Mines
 36543 | Orc:1    | Found a dark tunnel.
 36553 | Volcano  | Entered a volcano
 36572 | Volcano  | Found a radiant altar of Vehumet.
 36844 | Orc:2    | Entered Level 2 of the Orcish Mines
 37060 | Orc:2    | Found a staircase to the Elven Halls.
 37327 | Orc:2    | Found a roughly hewn altar of Beogh.
 37435 | Orc:2    | Received a gift from Trog
 37558 | Orc:2    | Paralysed by an orc sorcerer for 6 turns
 38683 | Orc:2    | Paralysed by an orc sorcerer for 6 turns
 38908 | Orc:2    | Found Pidy's Antique Armour Emporium.
 38909 | Orc:2    | Found Odaid's Antique Weapon Emporium.
 38910 | Orc:2    | Found Toduil's General Store.
 38910 | Orc:2    | Found Iphutih's Book Shoppe.
 38914 | Orc:2    | Bought a potion of mutation for 96 gold pieces
 38914 | Orc:2    | Bought a scroll of enchant armour for 90 gold pieces
 39110 | Shoals:1 | Entered Level 1 of the Shoals
 39294 | Shoals:1 | Received a gift from Trog
 39544 | Shoals:1 | Reached XP level 17. HP: 147/161 MP: 16/16
 39546 | Shoals:1 | Reached skill level 10 in Polearms
 39939 | Shoals:1 | Found Voakk's Weapon Shoppe.
 40816 | Shoals:2 | Noticed Ilsuiw
 41039 | Shoals:2 | Noticed Polyphemus
 41063 | Shoals:2 | Noticed a kraken
 41064 | Shoals:2 | Noticed a kraken
 41069 | Shoals:2 | Noticed a kraken
 41069 | Shoals:2 | Noticed a kraken
 41583 | Shoals:2 | Killed from afar by Ilsuiw

Skill      XL: |  1  2  3  4  5  6  7  8  9 10 11 12 13 14 15 16 17 |
---------------+----------------------------------------------------+-----
Axes           | 4 5 6 7 8 10 12 14 15 17 18 20 | 20.9
Fighting       | 4 5 6 7 9 10 12 13 14 15 16 17 | 17.2
Armour         | 3 4 5 7 8 10 11 12 13 14 15 16 17 | 17.0
Dodging        | 3 6 8 9 11 12 | 12.8
Polearms       | 3 9 11 | 11.0

Action                   |  1- 3 |  4- 6 |  7- 9 | 10-12 | 13-15 | 16-18 || total
-------------------------+-------+-------+-------+-------+-------+-------++-------
Melee: Hand axe          |    81 |    91 |    18 |       |       |       ||   190
       Headbutt          |    14 |    20 |    63 |   138 |   285 |   165 ||   685
       War axe           |       |       |   297 |   495 |       |       ||   792
       Battleaxe         |       |       |       |   107 |   582 |       ||   689
       Whip              |       |       |       |       |    17 |       ||    17
       Executioner's axe |       |       |       |       |   285 |       ||   285
       Glaive            |       |       |       |       |    87 |   755 ||   842
Invok: Berserk           |     1 |     6 |     7 |    13 |    16 |    10 ||    53
       Trog's Hand       |       |       |       |     1 |       |     2 ||     3
       Brothers in Arms  |       |       |       |     5 |     3 |     2 ||    10
  Use: Scroll            |       |       |    13 |     9 |    18 |     7 ||    47
       Potion            |       |       |       |     2 |       |     2 ||     4
 Stab: Distracted        |       |       |       |       |     1 |       ||     1
       Held in net/web   |       |       |       |       |     1 |       ||     1
       Petrified         |       |       |       |       |       |     2 ||     2
       Petrifying        |       |       |       |       |       |     1 ||     1
  Eat: Chunk             |     2 |     8 |    18 |    19 |    58 |    38 ||   143
       Ration            |       |     1 |     1 |     7 |     4 |     1 ||    14
Armor: Animal skin       |     3 |       |       |       |       |       ||     3
       Ring mail         |    15 |    25 |    86 |    68 |       |       ||   194
       Crystal plate arm |       |       |       |   277 |  1084 |   699 ||  2060
       Chain mail        |       |       |       |     2 |       |       ||     2
Dodge: Dodged            |    53 |    57 |   129 |   250 |   640 |   441 ||  1570
Block: Other             |       |       |    18 |    45 |    26 |     2 ||    91
       Reflection        |       |       |     1 |     1 |       |       ||     2
